 Dungeon Crawl Stone Soup version 0.31-a0-355-g57cb03d3e8 (webtiles) character file.

Game seed: 2064000397523006073

25 vineage the Trooper (level 3, -2/39 HPs)
             Began as an Ogre Gladiator on July 24, 2023.
             Succumbed to a goblin's poison
             ... on level 1 of the Dungeon.
             The game lasted 00:00:41 (471 turns).

vineage the Trooper (Ogre Gladiator)                 Turns: 471, Time: 00:00:42

Health: -2/39      AC:  3    Str: 20    XL:     3   Next: 6%
Magic:  3/3        EV: 10    Int:  9    God:
Gold:   36         SH:  0    Dex: 10    Spells: 2/2 levels left

rFire   . . .        f - +0 morningstar
rCold   . . .        (no shield)
rNeg    . . .        b - +0 robe
rPois   .            c - +0 hat
rElec   .            (no cloak)
rCorr   .            (gloves unavailable)
SInv    .            (boots unavailable)
Will    .....        (no amulet)
Stlth   +            (no ring)
HPRegen 0.26/turn    (no ring)
MPRegen 0.08/turn

%: no passive effects
@: lethally poisoned (-2 -> -12)
A: large, unfitting armour, tough skin 1
a: no special abilities


You were on level 1 of the Dungeon.
You visited 1 branch of the dungeon, and saw 1 of its levels.

You collected 36 gold pieces.

Inventory:

Hand Weapons
 a - a +0 flail
 f - a +0 morningstar (weapon)
Missiles
 d - 3 throwing nets (quivered)
 e - a large rock
Armour
 b - a +0 robe (worn)
 c - a +0 hat (worn)
Scrolls
 g - a scroll of immolation {unknown}
 h - a scroll of amnesia {unknown}
Potions
 i - a potion of magic {unknown}
 j - a potion of curing {unknown}


   Skills:
 + Level 3.7 Fighting
 + Level 3.2 Maces & Flails
 - Level 2.0 Throwing
 - Level 2.6 Dodging


You had 2 spell levels left.
You didn't know any spells.
Your spell library contained the following spells:

 Spells                   Type           Power      Damage    Failure   Level
 Apportation              Tloc           0%         N/A       38%         1
 Necrotise                Necr           0%         1d4       38%         1
 Summon Small Mammal      Summ           0%         N/A       38%         1


Dungeon Overview and Level Annotations

Branches:
Dungeon (1/15)

Altars:


Innate Abilities, Weirdness & Mutations

You are too large for most types of armour.
You have tough skin. (AC +1)


Message History

The goblin hits you with a +2 dagger of venom.
You are poisoned.
You hit the goblin.
The goblin is heavily wounded.
You feel very sick.
The frilled lizard bites you but does no damage.
The goblin hits you but does no damage.
You barely miss the goblin.
The goblin is heavily wounded.
You feel sick. The frilled lizard barely misses you.
The goblin hits you but does no damage.
You are more poisoned.
The frilled lizard barely misses you.
The goblin hits you with a +2 dagger of venom.
You miss the goblin.
The goblin is heavily wounded.
You feel very sick. The frilled lizard closely misses you.
The goblin hits you with a +2 dagger of venom.
You are more poisoned.
The goblin attacks as you move away! The goblin hits you but does no damage.
You are lethally poisoned!
The frilled lizard attacks as you move away!
The frilled lizard bites you.
You feel very sick.
The frilled lizard attacks as you move away!
The frilled lizard closely misses you. The goblin attacks as you move away!
The goblin barely misses you.
* * * LOW HITPOINT WARNING * * *
You feel very sick.
The frilled lizard attacks as you move away!
The frilled lizard closely misses you.
* * * LOW HITPOINT WARNING * * *
You feel very sick.
You closely miss the frilled lizard.
* * * LOW HITPOINT WARNING * * *
You feel very sick.
The frilled lizard completely misses you.
You closely miss the frilled lizard.
You die...

########.##.##.####
...# ##.#..รท.....
#..# ####...####.(
#..# ####....).......
#..# #....###)#####..
#..# #.#### #.# ##.
#..# #.# #.# #.
..#####..###.# #.# #.
......).gl@..# #.# #.
.?.......##..#
#.#######
.>.#####.##..#
#.#...# # . #.##..#
##.#...# #
##.##..#####......###
#...#..##............
......##.##.........
...##.##.##.........
#.# #.###.#...###


You could see a goblin and a frilled lizard.

Vanquished Creatures
  A bat (D:1)
  4 endoplasms (D:1)
  2 goblins (D:1)
  3 hobgoblins (D:1)
  4 jackals (D:1)
  2 kobolds (D:1)
  2 ball pythons (D:1)
  3 rats (D:1)
21 creatures vanquished.

Notes
Turn   | Place    | Note
-------+----------+-------------------------------------------
     0 | D:1      | vineage the Ogre Gladiator began the quest for the Orb.
     0 | D:1      | Reached XP level 1. HP: 22/22 MP: 1/1
    48 | D:1      | Reached XP level 2. HP: 24/31 MP: 2/2
   311 | D:1      | Reached XP level 3. HP: 31/39 MP: 3/3
   470 | D:1      | HP: 1/39 [poisoned by a goblin]
   471 | D:1      | Succumbed to a goblin's poison

Illustrated notes

Levels and vault maps discovered:
D:1:      dpeg_arrival_stonehenge_12_columns, layout_loops_ring

Skill      XL: |  1  2 |
---------------+-------+-----
Fighting       | 3 |  3.7
Maces & Flails | 3 |  3.2
Throwing       | |  2.0
Dodging        | |  2.6

Action                     || total
---------------------------++-------
  Melee: Morningstar       ||    62
   Stab: Sleeping          ||     1
 Armour: Robe              ||    32
  Dodge: Dodged            ||    45

Table legend: (Time is in decaauts)
 A = Elapsed time spent in this place.
 B = Non-inter-level travel time spent in this place.
 C = Inter-level travel time spent in this place.
 D = Time resting spent in this place.
 E = Time spent auto-exploring this place.
 F = Levels seen in this place.
 G = Mean time per level.
                   A        B        C        D        E       F      G
               +--------+--------+--------+--------+--------+-----+--------+
         Total |    491 |    483 |      8 |      0 |    336 |   1 |  491.0 |
       Dungeon |    491 |    483 |      8 |      0 |    336 |   1 |  491.0 |
               +--------+--------+--------+--------+--------+-----+--------+

Top non-repeatable levels by time:
     D:1: 491 daAuts
